AoeStats
← owengold23

Enclosed

505391886Analyzed
1v1 RM · 25d ago on Sep 9, 2026· 40m 51s· 2 players
Game mode
Random Map
Map size
Tiny (2 player)
Population
200
Speed
Normal
Resources
Standard
Victory
Conquest
Starting age
Dark Age
Ending age
Imperial Age
RankedLock teamsTeams togetherTeam positionsShared explorationLock speedFull tech treeHidden civsTurbo modeCheats
Victory
Defeat
🇦🇺 Khmer · Australia
1638
+13
🇲🇽 Poles · Mexico
1580
-13
vakli
6:55 Loom
10:12 Feudal Age
14:01 Castle Age
12:37 Double-Bit Axe
14:52 Town Watch
18:53 Horse Collar
24:41 Scale Mail Armor
27:27 Squires
28:21 Heavy Plow
31:56 Bow Saw
36:08 Imperial Age
35:06 Chain Mail Armor
34:43 Gold Mining
35:19 Forging
37:24 Crop Rotation
37:26 Plate Mail Armor
36:23 Capped Ram
38:28 Conscription
38:50 Crop Rotation
owengold23
5:27 Loom
8:31 Feudal Age
9:00 Double-Bit Axe
9:00 Horse Collar
16:09 Scale Barding Armor
16:14 Forging
17:35 Bloodlines
23:29 Castle Age
23:39 Light Cavalry
24:40 Chain Barding Armor
24:36 Bow Saw
27:16 Town Watch
29:18 Heavy Plow
30:36 Iron Casting
35:14 Imperial Age
33:02 Stone Mining
33:10 Gold Mining
34:54 Wheelbarrow
36:48 Plate Barding Armor
37:20 Conscription
37:20 Husbandry
37:36 Fletching
39:45 Chemistry
40:28 Blast Furnace
40:36 Bodkin Arrow
40:07 Hussar
Connection lost

Rejoining the realm…

Still unreachable

The connection could not be restored.

Session expired

The server has moved on; the page needs a fresh start.